 Dungeon Crawl Stone Soup version 0.32-a0-128-g77eb882913 (webtiles) character file.

Game seed: 2087358908258909217

37 hikkokomori the Chiller (level 3, -3/26 HPs)
             Began as an Armataur Wanderer on Feb 7, 2024.
             Was a Follower of Okawaru.
             Slain by a ribbon worm (5 damage)
             ... on level 2 of the Dungeon.
             The game lasted 00:03:13 (1116 turns).

hikkokomori the Chiller (Armataur Wanderer)         Turns: 1116, Time: 00:03:14

Health: -3/26      AC:  4    Str: 15    XL:     3   Next: 21%
Magic:  0/4        EV:  4    Int: 16    God:    Okawaru [*.....]
Gold:   93         SH:  0    Dex:  9    Spells: 1/4 levels left

rFire   . . .        a - +0 club
rCold   . . .        d - +0 buckler
rNeg    . . .        c - +0 robe
rPois   .            (no helmet)
rElec   .            (no cloak)
rCorr   .            (no gloves)
SInv    .            (no barding)
Will    .....        (no amulet)
Stlth   +            (no ring)
HPRegen 0.24/turn    (no ring)
MPRegen 0.09/turn

%: roll
@: held
A: large, deformed body, tough skin 3, armoured tail, roll 1
a: Renounce Religion, Heroism


You were on level 2 of the Dungeon.
You worshipped Okawaru.
Okawaru was aware of your devotion.
You visited 1 branch of the dungeon, and saw 2 of its levels.

You collected 93 gold pieces.

Inventory:

Hand Weapons
 a - a +0 club (weapon)
Armour
 c - a +0 robe (worn)
 d - a +0 buckler (worn)
Scrolls
 e - 4 scrolls of teleportation {unknown}
 f - a scroll of vulnerability {unknown}
 j - 3 scrolls of identify {unknown}
 l - a scroll of enchant weapon {unknown}
 m - a scroll of enchant armour {unknown}
Potions
 b - a potion of attraction
 g - a potion of berserk rage {unknown}
 i - a potion of brilliance
 k - a potion of degeneration {unknown}


   Skills:
 - Level 1.2 Armour
 + Level 2.3 Shields
 + Level 1.1 Spellcasting
 - Level 1.5 Necromancy
 - Level 3.0 Ice Magic
 + Level 0.5 Air Magic
 + Level 1.1 Invocations
 - Level 2.0 Evocations


You had one spell level left.
You knew the following spells:

 Your Spells              Type           Power      Damage    Failure   Level
a - Freeze                Ice            40%        1d6       9%          1
b - Cigotuvi's Dreadful   Necr/Alch/Air  6%         N/A       32%         2

Your spell library contained the following spells:

 Spells                   Type           Power      Damage    Failure   Level
 Necrotise                Necr           20%        1d5       16%         1
 Ozocubu's Armour         Ice            10%        N/A       26%         3
 Hailstorm                Conj/Ice       5%         3d5       43%         3
 Vampiric Draining        Necr           5%         2d6       43%         3
 Ignite Poison            Fire/Alch      0%         N/A       96%         4
 Freezing Cloud           Conj/Ice/Air   2%         6-21      99%         5


Dungeon Overview and Level Annotations

Branches:
Dungeon (2/15)

Altars:
Okawaru

Shops:
D:1 *


Innate Abilities, Weirdness & Mutations

Armour fits poorly on your strangely shaped body.
You have extremely tough skin. (AC +3)
You have a long armoured tail.
You regenerate magic when rolling toward enemies. (Rampage MPRegen)


Message History

You freeze the ribbon worm.
The ribbon worm is moderately wounded.
The ribbon worm bites you!
* * * LOW HITPOINT WARNING * * *
Casting: Freeze (safe; 9% risk of failure)
Confirm with . or Enter, or press ? or * to list all spells.
Aiming: Freeze (safe; 9% risk of failure)
Press: ? - help, Shift-Dir - straight line, f/p - ribbon worm
Aim: a ribbon worm (moderately wounded, catching its breath)
You freeze the ribbon worm.
The ribbon worm is heavily wounded.
The ribbon worm barely misses you.
Unknown command.
Casting: Freeze (safe; 9% risk of failure)
Confirm with . or Enter, or press ? or * to list all spells.
Aiming: Freeze (safe; 9% risk of failure)
Press: ? - help, Shift-Dir - straight line, f/p - ribbon worm
Aim: a ribbon worm (heavily wounded)
You freeze the ribbon worm.
The ribbon worm is almost dead.
The ribbon worm expels a string of sticky webbing.
The stream of webbing hits you but does no damage.
You are caught in a web!
Casting: Freeze (safe; 9% risk of failure)
Confirm with . or Enter, or press ? or * to list all spells.
Aiming: Freeze (safe; 9% risk of failure)
Press: ? - help, Shift-Dir - straight line, f/p - ribbon worm
Aim: a ribbon worm (severely wounded, catching its breath)
You freeze the ribbon worm.
The ribbon worm is almost dead.
The ribbon worm bites you.
* * * LOW HITPOINT WARNING * * *
It was a potion of brilliance.
You feel clever all of a sudden.
It was a potion of cancellation.
Your magical effects are unravelling.
You feel magically purged.
You feel a little less clever now. The ribbon worm bites you.
You die...

##..# #..# #..##
#...#### #.#....#
####..#.#..#
#.#######...†....#...#
#.........######...#.#
#....w@### ##...#
##....## ...# .......
..# ###...# .# #...
#... #.# #.


You could see a ribbon worm (catching breath).

Vanquished Creatures
  An adder (D:2)
  A gnoll (D:1)
  A dart slug (D:1)
  A ball python (D:2)
  An endoplasm (D:1)
  A giant cockroach (D:2)
  2 goblins
  2 hobgoblins (D:1)
  3 kobolds (D:2)
  3 bats
  A rat (D:1)
17 creatures vanquished.

Notes
Turn   | Place    | Note
-------+----------+-------------------------------------------
     0 | D:1      | hikkokomori the Armataur Wanderer began the quest for the
                  | Orb.
     0 | D:1      | hikkokomori set off with the following items: a +0 club, a
                  | potion of attraction, a +0 robe, a +0 buckler; and the
                  | following spells available to memorise: Freeze, Necrotise,
                  | Ozocubu's Armour, Vampiric Draining, Hailstorm.
     0 | D:1      | Reached XP level 1. HP: 14/14 MP: 2/2
     2 | D:1      | Learned a level 1 spell: Freeze
   165 | D:1      | Found a faded altar of an unknown god.
   186 | D:1      | Prayed at the altar of an unknown god.
   186 | D:1      | Became a worshipper of Warmaster Okawaru
   186 | D:1      | Reached * piety under Okawaru
   203 | D:1      | Reached skill level 3 in Ice Magic
   203 | D:1      | Reached XP level 2. HP: 17/20 MP: 3/3
   414 | D:1      | Learned a level 2 spell: Cigotuvi's Dreadful Rot
   500 | D:1      | Found Huask's General Store.
   992 | D:2      | Reached skill level 1 in Invocations
  1014 | D:2      | Reached XP level 3. HP: 22/26 MP: 4/4
  1114 | D:2      | HP: 1/26 [ribbon worm (5)]
  1116 | D:2      | Slain by a ribbon worm

Illustrated notes

Levels and vault maps discovered:
D:1:      ncdulo_halloftheorcs, layout_basic, serial_shops,
          nicolae_shop_real_fake_doors,
          hellmonk_ecumenical_altar_pennies_from_heaven
D:2:      layout_rooms, minmay_randomly_rotated_circles

Skill      XL: |  1  2 |
---------------+-------+-----
Ice Magic      | 3 |  3.0
Shields        | 2 |  2.3
Invocations    | 1 |  1.1
Armour         | |  1.2
Spellcasting   | |  1.1
Necromancy     | |  1.5
Air Magic      | |  0.5
Evocations     | |  2.0

Action                     || total
---------------------------++-------
  Melee: Club              ||    53
         Tailslap          ||     5
   Cast: Freeze            ||    11
 Invoke: Heroism           ||     1
    Use: Potion            ||     2
 Armour: Robe              ||    36
  Dodge: Dodged            ||    23
  Block: Buckler           ||    13

Table legend: (Time is in decaauts)
 A = Elapsed time spent in this place.
 B = Non-inter-level travel time spent in this place.
 C = Inter-level travel time spent in this place.
 D = Time resting spent in this place.
 E = Time spent auto-exploring this place.
 F = Levels seen in this place.
 G = Mean time per level.
                   A        B        C        D        E       F      G
               +--------+--------+--------+--------+--------+-----+--------+
         Total |   1132 |   1085 |     47 |      0 |    874 |   2 |  566.0 |
       Dungeon |   1132 |   1085 |     47 |      0 |    874 |   2 |  566.0 |
               +--------+--------+--------+--------+--------+-----+--------+

Top non-repeatable levels by time:
     D:1: 867 daAuts
     D:2: 265 daAuts
